[Event "Bilderberg 2007"]
[Site "Oosterbeek"]
[Date "2007.07.02"]
[Round "3"]
[White "Berg, A.M.J. van den"]
[Black "Graaff, R.A.G. de"]
[Result "1/2-1/2"]
[ECO "B07"]
[WhiteElo "2169"]
[BlackElo "2155"]
[PlyCount "37"]
[EventDate "2007.06.30"]
[SourceDate "2007.07.06"]
[TimeControl "240+2"]

1. e4 d6 2. d4 Nf6 3. Nc3 Nbd7 4. g3 e5 5. Nge2 Be7 6. Bg2 O-O 7. O-O c6 8. a4
b6 9. b3 a6 10. Bb2 Re8 11. f4 Bb7 12. Qd2 b5 13. Rae1 Bf8 14. axb5 axb5 15.
Nd1 Qb6 16. Nf2 Ra2 17. Qc1 exd4 18. Bxd4 c5 19. Bxf6 1/2-1/2